 Dungeon Crawl Stone Soup version 0.21-a0-143-g1ab7d47 (webtiles) character file.

329 drasked the Cudgeler (level 6, -1/56 HPs)
             Began as a Hill Orc Fighter on July 25, 2017.
             Killed from afar by an orc wizard (4 damage)
             ... with a magic dart
             ... on level 3 of the Dungeon.
             The game lasted 00:05:42 (2914 turns).

drasked the Cudgeler (Hill Orc Fighter)             Turns: 2914, Time: 00:05:44

Health: -1/56      AC:  6    Str: 26    XL:     6   Next: 50%
Magic:  6/6        EV:  7    Int:  8    God:
Gold:   117        SH:  9    Dex: 10    Spells: 5/5 levels left

rFire    . . .     SeeInvis .   a - +0 flail
rCold    . . .     Gourm    .   c - +0 shield
rNeg     . . .     Faith    .   b - +0 scale mail
rPois    .         Spirit   .   (no helmet)
rElec    .         Reflect  .   (no cloak)
rCorr    +         Harm     .   (no gloves)
MR       .....                  (no boots)
Stlth    ..........             (no amulet)
HPRegen  0.18/turn              l - ring of resist corrosion
MPRegen  0.10/turn              n - ring of loudness (curse) {Stlth-}

@: mighty
A: no striking features
a: no special abilities


You were on level 3 of the Dungeon.
You were very hungry.

You visited 1 branch of the dungeon, and saw 3 of its levels.

You collected 117 gold pieces.

Inventory:

Hand Weapons
 a - a +0 flail (weapon)
Armour
 b - a +0 scale mail (worn)
 c - a +0 shield (worn)
 p - a +0 chain mail
   (You found it on level 2 of the Dungeon)
Jewellery
 h - an uncursed ring of see invisible {sInv, !d}
   (You found it on level 1 of the Dungeon)
 l - a ring of resist corrosion (left hand)
   (You found it on level 1 of the Dungeon)
 n - a cursed ring of loudness (right hand) {Stlth-}
   (You found it on level 1 of the Dungeon)
Scrolls
 e - a scroll of identify
 m - a scroll of remove curse {unknown}
 o - 2 scrolls of enchant armour {unknown}
 q - a scroll of teleportation {unknown}
 r - a scroll of fog {unknown}
 s - a scroll of enchant weapon {unknown}
Potions
 i - a potion of mutation {unknown}
 j - 2 potions of agility
 k - a potion of lignification {unknown}
 t - a potion of flight {unknown}
Comestibles
 f - 2 bread rations {@e1}
 g - 3 meat rations {@e2}


   Skills:
 + Level 5.6 Fighting
 * Level 6.1 Maces & Flails
 - Level 3.2 Armour
 - Level 3.2 Shields


You had 5 spell levels left.
You didn't know any spells.

Dungeon Overview and Level Annotations

Branches:
Dungeon (3/15)

Altars:
Qazlal
The Shining One


Message History

The orc shouts!
You sock the orc!
You kill the orc!
You closely miss the orc. The orc hits you but does no damage.
You hit the orc. The orc hits you.
You closely miss the orc.
The orc wizard casts a spell.
The orc wizard seems to speed up.
The orc barely misses you. You block the orc's attack.
Unknown command.
You hit the orc.
You kill the orc!
You bludgeon sergedm's ghost!!
Sergedm's ghost hits you but does no damage.
You barely miss sergedm's ghost. Sergedm's ghost casts a spell at you.
The orb of energy hits you!
Sergedm's ghost points at you and mumbles some strange words.
You block the orb of energy.
You take 16 damage, and have 33/56 hp.
MASSIVE DAMAGE!!
You closely miss sergedm's ghost.
The orc wizard casts a spell.
The orc wizard blinks!
Sergedm's ghost casts a spell at you. The orb of energy hits you!
* * * LOW HITPOINT WARNING * * *
The orb of energy explodes!
You take 20 damage, and have 13/56 hp.
MASSIVE DAMAGE!!
Your shield prevents you from hitting sergedm's ghost.
Sergedm's ghost hits you.
* * * LOW HITPOINT WARNING * * *
You take 1 damage, and have 12/56 hp.
You closely miss sergedm's ghost. Sergedm's ghost hits you.
* * * LOW HITPOINT WARNING * * *
You take 2 damage, and have 10/56 hp.
Okay, then.
You thump sergedm's ghost!
You destroy sergedm's ghost!
The orc wizard mumbles some strange words.
The orc wizard blinks!
Something hits you.
* * * LOW HITPOINT WARNING * * *
You take 1 damage, and have 9/56 hp.
You miss something. Something completely misses you.
The orc hits you from afar with a trident.
* * * LOW HITPOINT WARNING * * *
Something hits you.
* * * LOW HITPOINT WARNING * * *
You take 5 damage, and have 4/56 hp.
You miss something. Something hits you but does no damage.
You block the orc's attack. Something hits you but does no damage.
The orc wizard gestures wildly while chanting.
The orc wizard blinks!
The orc hits you but does no damage.
You closely miss something.
Something hits you but does no damage. x2
The orc barely misses you.
You miss something. You block something's attack.
The orc hits you but does no damage. You block something's attack.
You miss something.
You hear some strange, mumbled words.
A magic dart appears from out of thin air!
The magic dart hits you!
* * * LOW HITPOINT WARNING * * *
You block the orc's attack. Something hits you.
* * * LOW HITPOINT WARNING * * *
You take 2 damage, and have 3/56 hp.
You sock something! Something hits you but does no damage.
The orc wizard casts a spell.
The orc wizard blinks!
The orc barely misses you.
You barely miss something. Something hits you but does no damage.
You block the orc's attack. Something completely misses you.
The orc wizard casts a spell.
The orc wizard blinks!
You miss something. Something hits you but does no damage.
The orc hits you from afar with a trident.
* * * LOW HITPOINT WARNING * * *
Something hits you but does no damage.
You take 2 damage, and have 2/56 hp.
Okay, then.
Okay, then.
You sock something!
Reactivating autopickup.
Your Maces & Flails skill increases to level 6!
You feel a bit more experienced. You block the orc's attack.
The orc closely misses you.
Items here: )) [ † a dagger; a robe; a hand axe; an orc corpse You closely miss the orc.
You block the orc's attack.
You thump the orc!
You kill the orc!
The orc wizard gestures wildly while chanting.
The orc wizard blinks!
The orc throws a tomahawk.
You block the tomahawk. The orc hits you but does no damage.
Things that are here:
a trident; a leather armour You bludgeon the orc!!
You kill the orc!
The orc wizard gestures at you while chanting.
The magic dart hits you!
You die...

#.#.#######......#
#>........'......#
#.#.#######......## #. #.#.#
######..# #.. #.#.# ##.#
#.##+## #.#.# #.######.....#
#.#.####### #.##.........#
#.#.##....#######†##.........#
#....'....+.(@)..o.'...o.....'
###.##..=.########.#.......W.#
#.##....# #.#......#.##
######.##....# #..####'##.#
.......##....# ##.# #.##.#
.......##....# #.# #.##.#
..........#### #W## #o##.#
..........# #####..###.##.#
..........# #.......##o##.#


You could see an orc wizard.

Vanquished Creatures
  A phantom (D:3)
  The ghost of sergedm the Conjurer, an amateur DECj (D:3)
  2 orc wizards (D:3)
  4 adders
  2 worms (D:2)
  An adder skeleton (D:3)
  6 leopard geckos
  9 orcs (D:3)
  2 giant cockroaches
  5 goblins
  6 hobgoblins
  4 jackals (D:1)
  3 ball pythons
  6 bats
  4 frilled lizards (D:1)
  7 kobolds
  6 rats
69 creatures vanquished.

Notes
Turn   | Place    | Note
-------+----------+-------------------------------------------
     0 | D:1      | drasked the Hill Orc Fighter began the quest for the Orb.
     0 | D:1      | Reached XP level 1. HP: 19/19 MP: 1/1
   106 | D:1      | Reached XP level 2. HP: 26/27 MP: 2/2
   110 | D:1      | Reached skill level 3 in Maces & Flails
   245 | D:1      | Reached XP level 3. HP: 19/33 MP: 3/3
   410 | D:1      | Reached skill level 4 in Fighting
  1000 | D:2      | Reached skill level 4 in Maces & Flails
  1000 | D:2      | Reached XP level 4. HP: 33/40 MP: 4/4
  1503 | D:2      | Found a stormy altar of Qazlal.
  1722 | D:3      | Found a glowing golden altar of the Shining One.
  1846 | D:3      | Noticed sergedm's ghost (amateur DECj)
  1998 | D:3      | Reached XP level 5. HP: 45/47 MP: 5/5
  2127 | D:3      | Noticed a phantom
  2159 | D:3      | Killed a phantom
  2159 | D:3      | Reached skill level 5 in Fighting
  2159 | D:3      | Reached skill level 5 in Maces & Flails
  2580 | D:3      | HP: 12/48 [poisoned by an adder]
  2588 | D:3      | HP: 12/48 [poisoned by an adder]
  2869 | D:3      | Reached XP level 6. HP: 53/56 MP: 6/6
  2897 | D:3      | HP: 13/56 [sergedm's ghost/orb of energy (21)]
  2900 | D:3      | Killed sergedm's ghost
  2901 | D:3      | HP: 5/56 [orc/trident (4)]
  2908 | D:3      | HP: 2/56 [orc/trident (2)]
  2909 | D:3      | Reached skill level 6 in Maces & Flails
  2914 | D:3      | Killed from afar by an orc wizard

Vault maps used:
D:1:      dpeg_arrival_more_subterranean_lakeside_camping, corner_web_ring
D:2:      nicolae_qazlal_general_emergency
D:3:      overflow_temple_1_default, kennysheep_generic_room_9

Skill      XL: |  1  2  3  4  5  6 |
---------------+-------------------+-----
Maces & Flails | 3 4 5 6 |  6.1
Fighting       | 4 5 |  5.6
Armour         | |  3.2
Shields        | |  3.2

Action                   |  1- 3 |  4- 6 || total
-------------------------+-------+-------++-------
Melee: Flail             |   108 |   163 ||   271
  Use: Scroll            |     2 |       ||     2
       Potion            |       |     1 ||     1
  Eat: Chunk             |       |     4 ||     4
       Fruit             |       |     2 ||     2
Armor: Scale mail        |    61 |    58 ||   119
Dodge: Dodged            |    57 |    31 ||    88
Block: Shield            |    69 |    75 ||   144

Vault maps used:
D:1:      dpeg_arrival_more_subterranean_lakeside_camping, corner_web_ring
D:2:      nicolae_qazlal_general_emergency
D:3:      overflow_temple_1_default, kennysheep_generic_room_9

Table legend:
 A = Turns spent in this place as a percentage of turns spent in the entire game.
 B = Non-inter-level travel turns spent in this place as a percentage of non-inter-level travel turns spent in the entire game.
 C = Inter-level travel turns spent in this place as a percentage of turns spent in this place.
 D = Turns resting spent in this place as a percentage of non-inter-level travel turns spent in this place.
 E = Turns spent auto-exploring this place as a percentage of non-inter-level travel turns spent in this place.
 F = Non-inter-level travel turns spent in this place divided by the number of levels of this place that you've seen.
                   A       B       C       D       E      F
               +-------+-------+-------+-------+-------+----------------------
         Total | 100.0 | 100.0 |   0.4 |   1.3 |   7.6 | 365.0
       Dungeon | 100.0 | 100.0 |   0.4 |   1.3 |   7.6 | 365.0
               +-------+-------+-------+-------+-------+----------------------

Table legend:
 A = Kills in this place as a percentage of kills in entire the game.
 B = Kills by you in this place as a percentage of kills by you in the entire game.
 C = Kills by friends in this place as a percentage of kills by friends in the entire game.
 D = Other kills in this place as a percentage of other kills in the entire game.
 E = Experience gained in this place as a percentage of experience gained in the entire game.
 F = Experience gained in this place divided by the number of levels of this place that you have seen.
                   A       B       C       D       E      F
               +-------+-------+-------+-------+-------+----------------------
         Total | 100.0 | 100.0 |  -nan |  -nan | 100.0 | 156.7
       Dungeon | 100.0 | 100.0 |  -nan |  -nan | 100.0 | 156.7
               +-------+-------+-------+-------+-------+----------------------
